 Dungeon Crawl Stone Soup version 0.25.1-2-g60ff931df9 (webtiles) character file.

Game seed: 7747455811709292986

220 Almogavar the Skirmisher (level 5, -2/47 (48) HPs)
             Began as a Minotaur Abyssal Knight on Sept 1, 2020.
             Was a Believer of Lugonu.
             Slain by an orc
             ... wielding a +0 flail
              (6 damage)
             ... on level 3 of the Dungeon.
             The game lasted 00:06:05 (2029 turns).

Almogavar the Skirmisher (Minotaur Abyssal Knight)  Turns: 2029, Time: 00:06:06

HP:   -2/47 (48)    AC: 10    Str: 24    XL:     5   Next: 64%
MP:   4/5           EV:  8    Int:  9    God:    Lugonu [**....]
Gold: 118           SH:  0    Dex:  9    Spells: 4/4 levels left

rFire    . . .     SeeInvis .   a - +1 falchion
rCold    . . .     Gourm    .   (no shield)
rNeg     . . .     Faith    .   f - +0 chain mail
rPois    .         Spirit   .   (helmet restricted)
rElec    .         Reflect  .   h - +0 cloak
rCorr    .         Harm     .   (no gloves)
MR       .....                  (no boots)
Stlth    ..........             (no amulet)
HPRegen  0.15/turn              e - +6 ring of strength
MPRegen  0.09/turn              (no ring)

@: no status effects
A: retaliatory headbutt, horns 2
a: Depart the Abyss, Bend Space, Renounce Religion


You were on level 3 of the Dungeon.
You worshipped Lugonu.
Lugonu was pleased with you.
You were hungry.

You visited 1 branch of the dungeon, and saw 3 of its levels.
You visited the Abyss 1 time.

You collected 118 gold pieces.

Inventory:

Hand Weapons
 a - a +1 falchion (weapon)
Armour
 b - a +0 leather armour
 f - a +0 chain mail (worn)
 h - a +0 cloak (worn)
 q - a cursed +0 chain mail
Jewellery
 e - a +6 ring of strength (left hand)
Scrolls
 o - 2 scrolls of teleportation
 p - a scroll of fog
 t - a scroll of enchant armour {unknown}
Potions
 g - a potion of mutation {unknown}
 i - a potion of resistance
 j - a potion of curing {unknown}
 k - a potion of ambrosia {unknown}
 l - a potion of cancellation {unknown}
 m - 2 potions of brilliance {unknown}
 n - a potion of berserk rage {unknown}
 r - a potion of heal wounds {unknown}
 s - a potion of might {unknown}
Comestibles
 c - 5 rations
 d - 6 chunks of flesh


   Skills:
 + Level 5.5 Fighting
 + Level 4.4 Long Blades
 + Level 4.0 Armour
 + Level 1.6 Dodging
 + Level 2.0 Invocations


You had 4 spell levels left.
You didn't know any spells.
Your spell library was empty.

Dungeon Overview and Level Annotations

Branches:
Dungeon (3/15)

Altars:
Gozag
Nemelex Xobeh
The Shining One


Innate Abilities, Weirdness & Mutations

You reflexively headbutt those who attack you in melee.
You have a pair of horns on your head.


Message History

The orc hits you but does no damage.
You barely miss the orc.
The orc is heavily wounded.
The orc hits you but does no damage.
You hit the orc. Your headbutt misses the orc.
The orc is heavily wounded.
The orc hits you with a +0 flail.
* * * LOW HITPOINT WARNING * * *
The orc hits you but does no damage.
The orc throws a stone.
The stone hits you but does no damage.
A frilled lizard comes into view.
You see here a stone.
You barely miss the orc.
The frilled lizard hisses angrily.
The orc hits you but does no damage.
You hit the orc but do no damage. The orc hits you but does no damage.
You hit the orc. Your headbutt misses the orc.
The orc is severely wounded.
The orc hits you with a +0 flail.
You die...

........ #.#
#...>.......
#....... ##.##
#.#########.
÷.......
###⌠.⌠##.#.#####
.....#..
..._...###....#
....##
#⌠.⌠##.#.###)#
...##
#######.####.##
#.##
......)o)...(#
.#
....###o######
#.. # #@# ..##
#.# ### #># ..#
l[# .#.. .### ..


You could see 2 orcs and a frilled lizard.

Vanquished Creatures
  A necrophage (D:2)
  An orc wizard (D:3)
  4 adders
  3 dart slugs
  A leopard gecko (D:2)
  5 orcs (D:3)
  2 ball pythons (D:2)
  9 bats
  A giant cockroach (D:2)
  9 goblins
  5 hobgoblins
  A quokka (D:2)
  4 frilled lizards
  8 kobolds
  5 rats
59 creatures vanquished.

Notes
Turn   | Place    | Note
-------+----------+-------------------------------------------
     0 | Abyss:1  | Almogavar the Minotaur Abyssal Knight began the quest for
                  | the Orb.
     0 | Abyss:1  | Reached XP level 1. HP: 19/19 MP: 1/1
    61 | D:1      | Escaped the Abyss
   151 | D:1      | Reached skill level 4 in Fighting
   191 | D:1      | Reached XP level 2. HP: 22/27 MP: 2/2
   652 | D:1      | Reached ** piety under Lugonu
   964 | D:2      | Reached XP level 3. HP: 34/34 MP: 3/3
  1013 | D:2      | Noticed a necrophage
  1022 | D:2      | Killed a necrophage
  1022 | D:2      | Reached skill level 5 in Fighting
  1022 | D:2      | Reached XP level 4. HP: 39/41 MP: 4/4
  1144 | D:2      | Found an opulent altar of Gozag.
  1166 | D:2      | Reached XP level 5. HP: 45/47 MP: 5/5
  1952 | D:3      | Found a glowing golden altar of the Shining One.
  1999 | D:3      | Found a sparkling altar of Nemelex Xobeh.
  2029 | D:3      | Slain by an orc

Illustrated notes

Levels and vault maps discovered:
D:1:      sevenhm_arrival_forest_fort_large_4, layout_rooms
D:2:      lemuel_upstairs_altar, layout_basic,
          nicolae_gozag_cash_rules_everything_around_me, st_stairs_6
D:3:      layout_loops_ring, tso_altar, nemelex_xobeh_ov_fountains_minmay,
          minmay_circle_x, uniq_natasha, uniq_crazy_yiuf_cottage

Skill      XL: |  1  2  3  4  5 |
---------------+----------------+-----
Fighting       | 4 5 |  5.5
Long Blades    | 3 4 |  4.4
Armour         | 3 4 |  4.0
Invocations    | 2 |  2.0
Dodging        | |  1.6

Action                   |  1- 3 |  4- 6 || total
-------------------------+-------+-------++-------
Melee: Falchion          |    47 |    73 ||   120
       Headbutt          |     7 |    10 ||    17
Invok: Bend Space        |       |     1 ||     1
  Use: Scroll            |     3 |     2 ||     5
  Eat: Chunk             |       |     3 ||     3
Armor: Leather armour    |     4 |       ||     4
       Chain mail        |    17 |    47 ||    64
Dodge: Dodged            |    30 |    31 ||    61
       Rpst.: Falchion   |    12 |     6 ||    18
